 Dungeon Crawl Stone Soup version 0.29.1-2-gbd0b4ee654 (webtiles) character file.

Game seed: 3935479950822431818

170 javelincjr the Conjurer (level 5, -4/28 HPs)
             Began as a Deep Elf Conjurer on Nov 30, 2022.
             Slain by a gnoll
             ... wielding a +2 flail of protection
              (5 damage)
             ... on level 4 of the Dungeon.
             The game lasted 00:21:56 (2570 turns).

javelincjr the Conjurer (Deep Elf Conjurer)         Turns: 2570, Time: 00:21:56

Health: -4/28      AC:  3    Str:  4    XL:     5   Next: 26%
Magic:  19/22      EV: 13    Int: 25    God:
Gold:   298        SH:  0    Dex: 19    Spells: 11/12 levels left

rFire   . . .      SeeInvis .   E - +4 quarterstaff (chaos)
rCold   . . .      Faith    .   (shield currently unavailable)
rNeg    . . .      Spirit   .   n - +0 robe
rPois   .          Reflect  .   (no helmet)
rElec   .          Harm     .   F - +0 cloak
rCorr   .          Rampage  .   (no gloves)
Will    .....                   (no boots)
Stlth   +++.......              (no amulet)
HPRegen 0.09/turn               s - +6 ring of dexterity
MPRegen 0.18/turn               r - ring of magical power

@: no status effects
A: no striking features
a: no special abilities


You were on level 4 of the Dungeon.
You visited 1 branch of the dungeon, and saw 5 of its levels.

You collected 298 gold pieces.

Inventory:

Hand Weapons
 f - a +0 dagger
 j - a +1 short sword of venom
 m - a +0 dagger
 o - a +0 sling
 q - the +1 whip of the Equinox {venom, +Blink Str+3}
   (You took it off a kobold on level 2 of the Dungeon)

   It poisons the flesh of those it strikes.
   Str:       It affects your strength (+3).
   +Blink:    It lets you blink.
 A - a +0 dagger of venom
 E - a +4 quarterstaff of chaos (weapon)
 H - a +0 dagger of speed
 K - a +1 whip of flaming
Missiles
 e - 38 stones
Armour
 n - a +0 robe (worn)
 F - a +0 cloak (worn)
Magical Staves
 g - a staff of earth
Jewellery
 h - a ring of protection from fire
 r - a ring of magical power (right hand)
 s - a +6 ring of dexterity (left hand)
 J - a ring of protection from cold
Wands
 y - a wand of iceblast (11)
 B - a wand of flame (25)
 G - a wand of polymorph (9)
Scrolls
 c - 2 scrolls of enchant weapon {unknown}
 d - 2 scrolls of brand weapon {unknown}
 i - a scroll of amnesia {unknown}
 k - a scroll of magic mapping {unknown}
 p - 4 scrolls of identify {unknown}
 u - 2 scrolls of teleportation {unknown}
 v - a scroll of fear {unknown}
 C - a scroll of vulnerability {unknown}
 D - a scroll of torment {unknown}
 I - a scroll of fog {unknown}
Potions
 a - a potion of degeneration {unknown}
 b - a potion of magic
 l - a potion of cancellation {unknown}
 t - a potion of heal wounds {unknown}
 w - a potion of resistance {unknown}
 x - 2 potions of lignification {unknown}
 z - a potion of invisibility {unknown}
 L - a potion of haste {unknown}


   Skills:
 + Level 0.5 Fighting
 + Level 0.3 Maces & Flails
 + Level 2.9 Dodging
 + Level 3.1 Stealth
 + Level 0.1 Unarmed Combat
 + Level 4.2 Spellcasting
 + Level 6.1 Conjurations


You had 11 spell levels left.
You knew the following spells:

 Your Spells              Type           Power      Damage    Failure   Level
a - Magic Dart            Conj           100%       1d8       1%          1

Your spell library contained the following spells:

 Spells                   Type           Power      Damage    Failure   Level
 Searing Ray              Conj           70%        2d7       1%          2
 Dazzling Flash           Conj/Hex       40%        N/A       8%          3
 Fulminant Prism          Conj/Hex       10%        3d9       26%         4
 Iskenderun's Mystic Bla  Conj/Tloc      20%        2d6       26%         4


Dungeon Overview and Level Annotations

Branches:
Dungeon (5/15)
 Temple: D:4-7

Altars:


Message History

Aiming: Magic Dart (safe; 1% risk of failure)
Press: ? - help, Shift-Dir - straight line, f/p - gnoll
Aim: a gnoll, wielding a +2 flail of protection (moderately wounded, 100% to hit)
The magic dart hits the gnoll but does no damage.
The gnoll is moderately wounded.
Casting: Magic Dart (safe; 1% risk of failure)
Confirm with . or Enter, or press ? or * to list all spells.
Aiming: Magic Dart (safe; 1% risk of failure)
Press: ? - help, Shift-Dir - straight line, f/p - gnoll
Aim: a gnoll, wielding a +2 flail of protection (moderately wounded, 100% to hit)
The magic dart hits the gnoll.
The gnoll is moderately wounded.
A gnoll comes into view. It is wielding a +0 spear.
You hit the gnoll but do no damage.
The gnoll is moderately wounded.
The gnoll misses you.
Found a smoky golden potion.
The gnoll hits you with a +2 flail of protection.
There is a stone staircase leading down here.
The gnoll hits you with a +2 flail of protection.
You climb downwards.
There is a stone staircase leading up here.
You closely miss the gnoll.
The gnoll is moderately wounded.
The gnoll hits you with a +2 flail of protection.
You hit the gnoll but do no damage.
The gnoll is moderately wounded.
The gnoll hits you with a +2 flail of protection!
* * * LOW HITPOINT WARNING * * *
The gnoll misses you. The gnoll misses you.
You climb upwards.
A gnoll comes into view. It is wielding a +0 whip.
There is a stone staircase leading down here.
The gnoll attacks as you move away! The gnoll barely misses you.
A gnoll comes into view. It is wielding a +0 flail.
The gnoll moves out of view.
The gnoll attacks as you move away!
The gnoll hits you with a +2 flail of protection.
You die...

....... .......#.. !......#.
... ......... .#..# #..
........... .....
##..##.....#.... ##....
.....#....# #..#####...#
......... ##g>...#..# . .
#......# #.@.......####....
..#.#.... ###................
........####.....g............
#.<.)............##......
##..#......#)....##......
####.##..##..g........#
####.####...........# #.#
#............#
#.#........#.....#


You could see 3 gnolls.

Vanquished Creatures
  Crazy Yiuf (D:3)
  Jessica (D:2)
  Terence (D:3)
  2 adders
  2 gnolls
  A worm (D:2)
  A dart slug (D:2)
  8 bats
  5 endoplasms
  A giant cockroach (D:4)
  2 goblins
  6 hobgoblins
  9 kobolds
  A quokka (D:1)
  4 ball pythons
  A frilled lizard (D:1)
  3 rats
  2 bushes (D:3)
51 creatures vanquished.

Vanquished Creatures (others)
  A fungus (D:3)
1 creature vanquished.

Grand Total: 52 creatures vanquished

Notes
Turn   | Place    | Note
-------+----------+-------------------------------------------
     0 | D:1      | javelincjr the Deep Elf Conjurer began the quest for the
                  | Orb.
     0 | D:1      | Reached XP level 1. HP: 10/10 MP: 6/6
   135 | D:1      | Reached XP level 2. HP: 15/15 MP: 5/8
   300 | D:1      | Reached skill level 5 in Conjurations
   546 | D:1      | Reached XP level 3. HP: 19/19 MP: 7/9
   620 | D:2      | Noticed Jessica
   623 | D:2      | Killed Jessica
   816 | D:2      | Identified the +1 whip of the Equinox {venom, +Blink Str+3}
   950 | D:2      | Reached XP level 4. HP: 24/24 MP: 11/11
  1231 | D:2      | Found a faded altar of an unknown god.
  1567 | D:3      | Noticed Terence
  1576 | D:3      | Killed Terence
  1577 | D:3      | Reached skill level 6 in Conjurations
  1704 | D:4      | Noticed an ogre
  1772 | D:3      | Found a runed translucent door.
  1773 | D:3      | Noticed Crazy Yiuf
  1785 | D:3      | Killed Crazy Yiuf
  1786 | D:3      | Reached XP level 5. HP: 22/28 MP: 13/13
  2564 | D:5      | Entered Level 5 of the Dungeon
  2566 | D:5      | HP: 1/28 [gnoll/+2 flail of protection (11)]
  2570 | D:4      | Slain by a gnoll

Illustrated notes

Levels and vault maps discovered:
D:1:      lemuel_arrival_broad_hall, layout_rooms,
          chequers_serial_rivers_small_b, chequers_serial_rivers_marsh,
          serial_park_tiny_1
D:2:      layout_loops_ring, ebering_ecumenical_altar_ruins,
          kennysheep_cluttered_room, uniq_jessica
D:3:      layout_rooms, serial_corexii_hall, chequers_hall_statues_wall_a,
          corexii_hall_statues_u, minmay_hedge_maze, kennysheep_generic_room_16,
          uniq_crazy_yiuf_cottage, uniq_terence
D:4:      layout_cave_pools, lemuel_doored_altar, gammafunk_ghost_nasty_kobolds
D:5:      layout_rooms, eat_drink_and_be_merry_uskayaw,
          gammafunk_ghost_mausoleum, serial_rivers,
          chequers_serial_rivers_large_b, chequers_serial_rivers_micro_b,
          chequers_serial_rivers_small_a, chequers_serial_rivers_micro_e

Skill      XL: |  1  2  3  4  5 |
---------------+----------------+-----
Conjurations   | 5 6 |  6.1
Spellcasting   | 4 |  4.2
Stealth        | 3 |  3.1
Fighting       | |  0.5
Maces & Flails | |  0.3
Dodging        | |  2.9
Unarmed Combat | |  0.1

Action                   |  1- 3 |  4- 6 || total
-------------------------+-------+-------++-------
Melee: Unarmed           |    12 |       ||    12
       Short sword       |     4 |       ||     4
       Whip              |     7 |    23 ||    30
       Quarterstaff      |       |    86 ||    86
 Cast: Magic Dart        |    43 |    43 ||    86
 Stab: Sleeping          |     1 |     1 ||     2
       Distracted        |       |     1 ||     1
Armor: Robe              |     5 |     3 ||     8
Dodge: Dodged            |    19 |    18 ||    37
